 Dungeon Crawl Stone Soup version 0.25.1-2-g60ff931df9 (webtiles) character file.

Game seed: 12345513118025700601

28 lepoulpe303 the Ruffian (level 3, -1/31 HPs)
             Began as a Ghoul Monk on Oct 21, 2020.
             Killed by divine providence
             ... invoked by an orc priest
              (11 damage)
             ... on level 3 of the Dungeon.
             The game lasted 00:02:30 (1588 turns).

lepoulpe303 the Ruffian (Ghoul Monk)                Turns: 1588, Time: 00:02:31

Health: -1/31      AC:  8    Str: 15    XL:     3   Next: 14%
Magic:  2/2        EV:  7    Int:  5    God:
Gold:   46         SH:  0    Dex: 11    Spells: 2/2 levels left

rFire    . . .     SeeInvis .     - Unarmed
rCold    + . .     Gourm    .   (no shield)
rNeg     + + +     Faith    .   h - +0 chain mail
rPois    ∞         Spirit   .   (no helmet)
rElec    .         Reflect  .   (no cloak)
rCorr    .         Harm     .   (no gloves)
MR       .....                  (no boots)
Stlth    ..........             (no amulet)
HPRegen  0.00/turn              (no ring)
MPRegen  0.08/turn              (no ring)

@: rotting
A: rotting body, claws 1, carnivore, cold resistance 1, negative energy
resistance 3, inhibited regeneration, torment resistance, unbreathing
a: no special abilities


You were on level 3 of the Dungeon.
You were not hungry.

You visited 1 branch of the dungeon, and saw 3 of its levels.

You collected 46 gold pieces.

Inventory:

Armour
 a - a +0 robe
 d - a +0 leather armour
 h - a +0 chain mail (worn)
Scrolls
 f - a scroll of fear {unknown}
 g - a scroll of blinking {unknown}
 i - a scroll of teleportation {unknown}
Potions
 b - 5 potions of curing {unknown}
 c - a potion of flight {unknown}
Comestibles
 e - 3 rations


   Skills:
 + Level 3.5 Fighting
 * Level 1.0 Armour
 + Level 2.8 Dodging
 + Level 2.5 Stealth
 * Level 3.7 Unarmed Combat


You had 2 spell levels left.
You didn't know any spells.
Your spell library was empty.

Dungeon Overview and Level Annotations

Branches:
Dungeon (2/15)

Altars:


Innate Abilities, Weirdness & Mutations

Your body is rotting away.
You thrive on raw meat.
You are immune to poison.
You have sharp fingernails.
You are carnivorous and can eat meat at any time.
Your flesh is cold resistant. (rC+)
You are immune to negative energy. (rN+++)
You do not regenerate when monsters are visible.
You are immune to unholy pain and torment.
You can survive without breathing.


Message History

The orc priest hits you with a +0 flail.
* * * LOW HITPOINT WARNING * * *
You take 6 damage, and have 11/31 hp.
You completely miss the orc priest.
The orc priest hits you but does no damage.
You scratch the orc priest but do no damage.
You scratch the orc priest.
The orc priest hits you with a +0 flail.
* * * LOW HITPOINT WARNING * * *
The orc hits you but does no damage.
You take 1 damage, and have 10/31 hp.
You closely miss the orc priest. The orc priest barely misses you.
The orc hits you but does no damage.
You scratch the orc priest.
The orc priest hits you but does no damage.
You scratch the orc priest but do no damage.
You closely miss the orc priest.
The orc priest invokes the aid of Beogh against you.
Beogh smites you!
You die...

## .. #. #.
#.##o############
#..oSo@.........#
.......###.##.###.#
#...... #.#...##.#
#....#. #.#.#.##.#
#...... #.#...##.#
###. ## #.###.##.#
# #........# ##+##
#####.#### ##...##
#.#


You could see an orc priest, an adder and 2 orcs.

Levels and vault maps discovered:
D:1:      nicolae_arrival_memento_mori, layout_loops_ring
D:2:      layout_loops_corners, lemuel_crystal_altar, marbit_many_paths,
          lemuel_crystal_altar, first_ration, chequers_big_river
D:3:      layout_loops_corners, amethyst_overflow_temple_binary

Notes
Turn   | Place    | Note
-------+----------+-------------------------------------------
     0 | D:1      | lepoulpe303 the Ghoul Monk began the quest for the Orb.
     0 | D:1      | Reached XP level 1. HP: 19/19 MP: 0/0
   249 | D:1      | Identified a +0 dagger
   393 | D:1      | Reached XP level 2. HP: 25/26 MP: 1/1
   551 | D:1      | Identified a +0 club
  1009 | D:1      | Identified a +0 leather armour (You found it on level 1 of
                  | the Dungeon)
  1093 | D:2      | Identified a +1 antimagic dagger
  1093 | D:2      | Identified an uncursed ring of fire
  1338 | D:2      | You fall into a shaft and drop 1 floor!
  1371 | D:3      | Identified a +0 chain mail (You found it on level 3 of the
                  | Dungeon)
  1411 | D:3      | Reached skill level 1 in Armour
  1411 | D:3      | Reached XP level 3. HP: 19/31 MP: 2/2
  1571 | D:3      | Identified a +0 mace
  1572 | D:3      | Identified a +0 flail
  1572 | D:3      | Identified a cursed +0 chain mail
  1572 | D:3      | Identified a +0 trident
  1573 | D:3      | Identified a +0 trident
  1573 | D:3      | Identified a +0 leather armour
  1573 | D:3      | Identified a +0 dagger
  1573 | D:3      | Identified a +0 robe
  1588 | D:3      | Killed from afar by an orc priest

Table legend:
 A = Turns spent in this place as a percentage of turns spent in the entire game.
 B = Non-inter-level travel turns spent in this place as a percentage of non-inter-level travel turns spent in the entire game.
 C = Inter-level travel turns spent in this place as a percentage of turns spent in this place.
 D = Turns resting spent in this place as a percentage of non-inter-level travel turns spent in this place.
 E = Turns spent auto-exploring this place as a percentage of non-inter-level travel turns spent in this place.
 F = Non-inter-level travel turns spent in this place divided by the number of levels of this place that you've seen.
                   A       B       C       D       E      F
               +-------+-------+-------+-------+-------+----------------------
         Total | 100.0 | 100.0 |   4.3 |  14.3 |  74.5 | 506.7
       Dungeon | 100.0 | 100.0 |   4.3 |  14.3 |  74.5 | 506.7
               +-------+-------+-------+-------+-------+----------------------

Table legend:
 A = Kills in this place as a percentage of kills in entire the game.
 B = Kills by you in this place as a percentage of kills by you in the entire game.
 C = Kills by friends in this place as a percentage of kills by friends in the entire game.
 D = Other kills in this place as a percentage of other kills in the entire game.
 E = Experience gained in this place as a percentage of experience gained in the entire game.
 F = Experience gained in this place divided by the number of levels of this place that you have seen.
                   A       B       C       D       E      F
               +-------+-------+-------+-------+-------+----------------------
         Total | 100.0 | 100.0 |   N/A |   N/A | 100.0 |  13.7
       Dungeon | 100.0 | 100.0 |   N/A |   N/A | 100.0 |  13.7
               +-------+-------+-------+-------+-------+----------------------

Skill      XL: |  1  2 |
---------------+-------+-----
Armour         | 1 |  1.0
Fighting       | |  3.5
Dodging        | |  2.8
Stealth        | |  2.5
Unarmed Combat | |  3.7

Action                   || total
-------------------------++-------
Melee: Unarmed           ||    81
       Punch             ||     1
 Stab: Sleeping          ||     2
  Eat: Chunk             ||     3
Armor: Robe              ||     7
       Leather armour    ||     4
       Chain mail        ||     6
Dodge: Dodged            ||    37

Vanquished Creatures
  A worm (D:3)
  2 dart slugs
  A leopard gecko (D:2)
  An orc (D:3)
  A ball python (D:2)
  2 giant cockroaches (D:1)
  2 goblins (D:1)
  A hobgoblin (D:1)
  2 jackals (D:1)
  A bat (D:3)
  3 kobolds
  2 rats (D:1)
19 creatures vanquished.
